 Dungeon Crawl Stone Soup version 0.28-a0-630-g0357d9c091 (webtiles) character file.

Game seed: 9427330522218596047

54 KristoblXynda the Chopper (level 3, -10/28 HPs)
             Began as a Demonspawn Gladiator on Oct 9, 2021.
             Mangled by Sigmund (12 damage)
             ... on level 2 of the Dungeon.
             The game lasted 00:01:27 (1547 turns).

KristoblXynda the Chopper (Demonspawn Gladiator)    Turns: 1547, Time: 00:01:27

Health: -10/28     AC:  4    Str: 15    XL:     3   Next: 66%
Magic:  3/3        EV: 12    Int:  9    God:
Gold:   43         SH:  4    Dex: 14    Spells: 2/2 levels left

rFire   . . .      SeeInvis .   a - +0 war axe
rCold   . . .      Faith    .   (no shield)
rNeg    . . .      Spirit   .   b - +0 leather armour
rPois   .          Reflect  .   c - +0 helmet
rElec   .          Harm     .   (no cloak)
rCorr   .          Rampage  .   (no gloves)
Will    .....                   (no boots)
Stlth   +.........              (no amulet)
HPRegen 0.09/turn               (no ring)
MPRegen 0.08/turn               (no ring)

@: attractive
A: condensation shield
a: no special abilities


You were on level 2 of the Dungeon.
You visited 1 branch of the dungeon, and saw 2 of its levels.

You collected 43 gold pieces.

Inventory:

Hand Weapons
 a - a +0 war axe (weapon)
Missiles
 d - 3 throwing nets (quivered)
Armour
 b - a +0 leather armour (worn)
 c - a +0 helmet (worn)
Scrolls
 e - a scroll of enchant weapon {unknown}
 f - a scroll of fear {unknown}
 i - a scroll of summoning {unknown}
Potions
 h - a potion of degeneration {unknown}


   Skills:
 + Level 2.6 Fighting
 * Level 3.4 Axes
 - Level 2.0 Throwing
 + Level 3.2 Dodging


You had 2 spell levels left.
You didn't know any spells.
Your spell library contained the following spells:

 Spells                   Type           Power      Damage    Failure   Level
 Sandblast                Erth           0%         2d4       45%         1
 Passwall                 Tmut/Erth      0%         N/A       58%         2
 Slow                     Hex            0%         N/A       58%         2
 Static Discharge         Conj/Air       0%         N/A       58%         2
 Confusing Touch          Hex            0%         N/A       83%         3
 Stone Arrow              Conj/Erth      0%         3d7       83%         3
 Dispel Undead            Necr           0%         3d6       99%         4
 Sticky Flame             Conj/Fire      0%         2d3       99%         4
 Yara's Violent Unravell  Hex/Tmut       0%         3d3       100%        5


Dungeon Overview and Level Annotations

Branches:
Dungeon (2/15)

Altars:

Annotations:
D:2 Sigmund


Innate Abilities, Weirdness & Mutations

A meltable shield of frost defends you. (SH +4)


Message History

a +0 club; a goblin corpse No target in view!
i - a scroll labelled CUOHURH QOHIE No target in view!
A rat comes into view.
You hit the rat.
You kill the rat!
No target in view!
No target in view!
No target in view!
No target in view!
No target in view!
No target in view!
No target in view!
No target in view!
Found a stone staircase leading up.
No target in view!
Sigmund the Dreaded comes into view.
He is wielding a +0 scythe, wearing a +2 robe of positive energy and carrying a wand of polymorph (6).
Sigmund mumbles some strange words.
Sigmund flickers and vanishes!
Deactivating autopickup; reactivate with Ctrl-A.
No target in view!
Something hits you!
You hear some strange, mumbled words.
Something tries to affect you, but you resist.
It was a potion of attraction.
You feel attractive to monsters. Something hits you!
Unknown command.
You slash something!
You hear a zap.
Something tries to affect you, but you resist.
You miss something. Something barely misses you.
Something is attracted toward you. Something hits you!
* * * LOW HITPOINT WARNING * * *
Something is attracted toward you.
Unknown command.
Something hits you!
You die...

# #.#..... .######.##.#..
#####.............# #
......... .#.#.....
#.######......###.#.#....†
...............#.#.####..
#..#..##.#.....#.).....
..#..§§.#<...............
.#.....#.@..#.#.#####.####
###...###...#.#.#.....####
.#.....#....#†#.##........
.........#.....[..###.####
#.###.#..#.##.#.#.....# .
#....#.##.#.#######
#..#......#.#
...###..##.#.#
....#..###.#.#


There were no monsters in sight!

Vanquished Creatures
  An adder (D:2)
  A dart slug (D:1)
  4 bats
  6 endoplasms (D:1)
  A giant cockroach (D:2)
  3 goblins
  2 hobgoblins (D:1)
  10 jackals (D:1)
  A quokka (D:1)
  A frilled lizard (D:1)
  2 kobolds
  7 rats
39 creatures vanquished.

Notes
Turn   | Place    | Note
-------+----------+-------------------------------------------
     0 | D:1      | KristoblXynda the Demonspawn Gladiator began the quest for
                  | the Orb.
     0 | D:1      | Reached XP level 1. HP: 16/16 MP: 1/1
   261 | D:1      | Gained mutation: A meltable shield of frost defends you.
                  | (SH +4) [demonic ancestry]
   261 | D:1      | Reached XP level 2. HP: 22/22 MP: 2/2
   595 | D:1      | Reached XP level 3. HP: 5/28 MP: 3/3
  1537 | D:2      | Noticed Sigmund
  1547 | D:2      | Mangled by Sigmund

Illustrated notes

Levels and vault maps discovered:
D:1:      dpeg_arrival_radiant, layout_basic
D:2:      layout_basic, chequers_hall_statues_y, minmay_misc_feat_diagonals,
          minmay_strange_pillars, uniq_sigmund

Skill      XL: |  1  2 |
---------------+-------+-----
Throwing       | 2 |  2.0
Axes           | 3 |  3.4
Dodging        | 3 |  3.2
Fighting       | |  2.6

Action                   || total
-------------------------++-------
Melee: War axe           ||    97
  Use: Potion            ||     1
Armor: Leather armour    ||    24
Dodge: Dodged            ||    58
Block: Other             ||    19

Table legend: (Time is in decaauts)
 A = Elapsed time spent in this place.
 B = Non-inter-level travel time spent in this place.
 C = Inter-level travel time spent in this place.
 D = Time resting spent in this place.
 E = Time spent auto-exploring this place.
 F = Levels seen in this place.
 G = Mean time per level.
                   A        B        C        D        E       F      G
               +--------+--------+--------+--------+--------+-----+--------+
         Total |   1580 |   1510 |     70 |    508 |    759 |   2 |  790.0 |
       Dungeon |   1580 |   1510 |     70 |    508 |    759 |   2 |  790.0 |
               +--------+--------+--------+--------+--------+-----+--------+

Top non-repeatable levels by time:
     D:1: 1451 daAuts
     D:2: 129 daAuts
